 Dungeon Crawl Stone Soup version 0.21.1-1-g345015fe64 (webtiles) character file.

678889 YetiFiasco the Minotaur Barricade (level 27, -4/273 HPs)
             Began as a Minotaur Berserker on Apr 12, 2018.
             Was the Champion of Trog.
             Splashed by an acid blob's acid (6 damage)
             ... created by the Royal Jelly
             ... on level 4 of the Pits of Slime.
             The game lasted 07:05:44 (98659 turns).

YetiFiasco the Minotaur Barricade (MiBe)           Turns: 98659, Time: 07:05:46

Health: -4/273     AC: 44    Str: 35    XL:     27
Magic:  31/31      EV: 24    Int: 14    God:    Trog [******]
Gold:   6163       SH: 40    Dex: 17    Spells: 26/26 levels left

rFire    . . .     SeeInvis +   a - +9 demon whip (elec)
rCold    x . .     Gourm    .   i - +7 large shield
rNeg     . . .     Faith    .   P - +8 plate armour of Yciet {rC- rCorr Int+4}
rPois    .         Spirit   .   g - +1 hat {MR+}
rElec    +         Reflect  +   q - scarf {cloud immunity}
rCorr    +         Harm     .   u - +1 pair of gloves
MR       +++..                  x - +1 pair of boots "Jupido" {Dex+6}
Stlth    ..........             J - amulet of Qazlal's Regard {Reflect SH+4 Stlth+}
HPRegen  0.55/turn              I - ring of Xeebir {rElec Str+3 Int+6 SInv}
MPRegen  0.22/turn              M - +5 ring of protection

@: very slightly contaminated
A: retaliatory headbutt, claws 1, horns 2, yellow scales 1, clumsy 1, MP-powered
wands
}: 3/15 runes: decaying, serpentine, silver
a: Berserk, Trog's Hand, Brothers in Arms, Burn Spellbooks, Renounce Religion


You were on level 4 of the Pits of Slime.
You worshipped Trog.
Trog was exalted by your worship.
You were not hungry.

You visited 12 branches of the dungeon, and saw 57 of its levels.
You visited the Abyss 1 time.
You also visited: Volcano.

You collected 8766 gold pieces.
You spent 2603 gold pieces at shops.

Inventory:

Hand Weapons
 a - a +9 demon whip of electrocution (weapon)
 B - a +4 sacred scourge of holy wrath
Armour
 g - a +1 hat of magic resistance (worn)
 i - a +7 large shield (worn)
 q - a scarf of cloud immunity (worn)
 u - a +1 pair of gloves (worn)
 x - the +1 pair of boots "Jupido" (worn) {Dex+6}
   (You acquired it on level 3 of the Depths)

   It affects your dexterity (+6).
 C - a +2 cloak of fire resistance
 P - the +8 plate armour of Yciet (worn) {rC- rCorr Int+4}
   (You bought it in a shop on level 2 of the Orcish Mines)

   It affects your intelligence (+4).
   It makes you vulnerable to cold.
   It protects you from acid and corrosion.
 U - +0 gold dragon scales
Jewellery
 e - an uncursed amulet of the gourmand
 k - the ring "Xuorch" {rCorr rN+ SInv}
   (You acquired it on level 1 of the Vaults)

   [ring of resist corrosion]

   It protects you from negative energy.
   It lets you see invisible.
 t - an uncursed amulet of faith {unknown}
 I - the ring of Xeebir (left hand) {rElec Str+3 Int+6 SInv}
   (You found it on level 3 of the Elven Halls)

   [ring of see invisible]

   It affects your strength (+3).
   It affects your intelligence (+6).
   It insulates you from electricity.
   It lets you see invisible.
 J - the amulet of Qazlal's Regard (around neck) {Reflect SH+4 Stlth+}
   (You acquired it on level 5 of the Lair of Beasts)

   [amulet of reflection]

   It shields you and reflects attacks.
   It affects your SH (+4).
   It makes you more stealthy.
 M - a +5 ring of protection (right hand)
 S - the ring of Xoseofaf {rPois rF- rN+ MP+9 SInv}
   (You found it on level 1 of the Realm of Zot)

   [ring of see invisible]

   It makes you vulnerable to fire.
   It protects you from poison.
   It protects you from negative energy.
   It affects your magic capacity (+9).
   It lets you see invisible.
Wands
 b - a wand of enslavement (30)
 f - a wand of flame (39)
 p - a wand of digging (35)
 w - a wand of acid (30)
 H - a wand of paralysis (11)
 L - a wand of iceblast (39)
 N - a wand of disintegration (62)
 W - a wand of polymorph (42)
Scrolls
 d - 22 scrolls of remove curse
 j - 5 scrolls of summoning
 o - 11 scrolls of teleportation
 s - 9 scrolls of identify
 y - 3 scrolls of blinking
 A - 2 scrolls of brand weapon
 D - 12 scrolls of fog
 E - 13 scrolls of magic mapping
 O - 5 scrolls of fear
 T - 2 scrolls of holy word
Potions
 h - 4 potions of invisibility
 l - 7 potions of lignification
 m - 7 potions of agility
 n - 4 potions of curing
 r - 2 potions of resistance
 v - 7 potions of brilliance
 z - a potion of ambrosia
 G - 6 potions of magic
 K - 4 potions of berserk rage
 R - 5 potions of flight
 X - 6 potions of cancellation
Miscellaneous
 F - 3 phantom mirrors
 Q - the horn of Geryon
 V - a phial of floods
Comestibles
 c - 13 rations


   Skills:
 O Level 27 Fighting
   Level 17.1(18.1) Axes
 - Level 11.0(15.2) Maces & Flails
 O Level 27 Armour
 + Level 22.3 Dodging
 O Level 27 Shields
 - Level 13.2 Evocations


You had 26 spell levels left.
You didn't know any spells.

Dungeon Overview and Level Annotations

Branches:
Dungeon (15/15)            Temple (0/1) D:4            Lair (6/6) D:11
  Swamp (4/4) Lair:3        Snake (4/4) Lair:3        Slime (5/5) Lair:6
    Orc (2/2) D:11            Elf (3/3) Orc:2        Vaults (5/5) D:14
  Crypt (3/3) Vaults:2       Tomb (0/3) Crypt:3      Depths (5/5) D:15
   Hell (1/1)                 Dis (0/7) Hell            Geh (0/7) Hell
    Coc (0/7) Hell            Tar (0/7) Hell            Zot (4/5) Depths:5

Altars:
Ashenzari
Elyvilon
Kikubaaqudgha
Nemelex Xobeh
Trog
Uskayaw
Yredelemnul
The Shining One
Jiyva
Lugonu

Shops:
D:9 (   Orc:2 [*:(   Elf:1 %   Snake:2 }%=   Vaults:4 (   Vaults:5 [
Depths:1 *

Portals:
Hell: Depths:1 Depths:2 Depths:3 Depths:4 Depths:5
Abyss: Depths:4 Depths:5
Pandemonium: Depths:2 Depths:3
Ziggurat: Depths:2
Trove: D:10 (give +7 demon whip)

Annotations:
Lair:5 exclusion: 2 oklob plants
Slime:5 Royal Jelly
Depths:1 4 transporters
Depths:2 exclusion: orange crystal statue


Innate Abilities, Weirdness & Mutations

You reflexively headbutt those who attack you in melee.
You have a pair of horns on your head.
You have sharp fingernails.
You are partially covered in yellow scales. (AC +2)
You are clumsy. (Dex -2)
You expend magic power (3 MP) to strengthen your wands.


Message History

You furiously retaliate!
You headbutt the acid blob! The azure jelly closely misses you.
You furiously retaliate!
You headbutt the azure jelly! The azure jelly barely misses you.
The azure jelly misses you. x2
Okay, then.
Okay, then.
Okay, then.
Okay, then.
Blink to where?
Press: ? - help, Dir - move target cursor You are very lightly contaminated with residual magic.
As you read the scroll of blinking, it crumbles to dust.
The acid blob is no longer covered in acid.
The acid blob spits acid at you.
The splash of acid reflects off an invisible shield around you!
The splash of acid hits the acid blob.
The acid blob completely resists.
The acid blob spits acid at you. The splash of acid hits you!
You are splashed with acid!
The acid burns!
You resist.
You die...

#.....#.............#.....#.##
##.#.#.............#.....##.#
#.#...#........>..^.....#....#
.......#....................##
#...........J§J.............#
..............J..............#
#............JJJJ...........##
....................#..#.....#
................@..#######..##
#...#...............# ###
#.###............#.## .
##.##.........###
###...##.......##
##.#.#...#....#
#.............#
##.#....<....## ##.#......##


You could see 5 acid blobs and 2 azure jellies.

Vanquished Creatures
  3 ancient liches
  2 juggernauts
  Mara (Vaults:4)
  Sojobo (Crypt:1)
  Boris (Vaults:2)
  Margery (Depths:3)
  2 curse toes
  Xtahua (Depths:3)
  8 golden dragons
  A caustic shrike (Depths:2)
  Jory (Vaults:5)
  3 bone dragons (Depths:5)
  Geryon (Hell)
  2 electric golems
  3 liches
  14 tentacled monstrosities
  Asterion (Vaults:3)
  3 deep elf blademasters
  4 titans
  5 quicksilver dragons
  20 acid blobs
  An ancient champion (Crypt:3)
  9 death cobs
  3 tentacled starspawn (Abyss:1)
  10 tengu reavers
  9 sphinxes
  16 shadow dragons
  7 nagarajas
  15 storm dragons
  4 draconian monks
  A revenant (Crypt:2)
  Kirke (D:13)
  13 azure jellies
  6 draconian scorchers
  10 frost giants
  A balrug (Depths:5)
  15 fire giants
  2 cacodemons
  6 deep elf sorcerers
  8 vault wardens
  10 draconian knights
  2 iron dragons
  A ghost moth (Zot:3)
  Aizul (Snake:3)
  4 deep elf elementalists
  A draconian stormcaller (Zot:2)
  2 curse skulls
  9 draconian annihilators
  17 ghouls
  8 reapers
  5 draconian shifters
  6 ironheart preservers
  4 war gargoyles
  35 very ugly things
  A spriggan defender (Depths:2)
  17 stone giants
  An entropy weaver (shapeshifter) (Depths:2)
  4 entropy weavers
  4 deep elf demonologists
  7 black draconians
  17 green draconians
  4 deep elf annihilators
  5 vampire knights
  10 red draconians
  A dire elephant (shapeshifter) (Depths:3)
  12 white draconians
  6 purple draconians
  5 yellow draconians
  Snorg (D:11)
  19 ettins
  The ghost of VanClaymore the Bludgeoner, a journeyman GrMo of the Shining One (D:14)
  4 eidola
  5 spark wasps
  4 jiangshi
  9 deep elf death magi
  14 great orbs of eyes
  4 death oozes
  16 fire dragons
  10 ogre magi
  4 mummy priests (Crypt:3)
  Josephine (D:15)
  2 blizzard demons (Hell)
  Erolcha (D:12)
  8 deep elf high priests
  26 yaktaur captains
  12 ice dragons
  30 vault guards
  4 spriggan air magi
  14 hydras
  12 rakshasas
  13 naga warriors
  13 centaur warriors
  9 death knights
  6 ghost crabs
  A catoblepas (Depths:1)
  A queen ant (shapeshifter) (Depths:3)
  30 dancing weapons
  10 alligators
  18 anacondas
  5 vampire magi
  33 two-headed ogres
  A queen ant (Lair:6)
  A death yak (shapeshifter) (Vaults:4)
  A two-headed ogre (shapeshifter) (Depths:3)
  10 deep troll earth magi
  An orc high priest (Orc:2)
  9 shock serpents
  9 deep troll shamans
  5 spriggan berserkers
  5 tengu warriors
  A thrashing horror (Abyss:1)
  3 iron golems (Hell)
  8 naga sharpshooters
  7 hell hogs
  19 hell knights
  A storm dragon zombie (Abyss:1)
  20 deep elf knights
  5 sun demons
  4 soul eaters
  2 fire crabs (Swamp:4)
  A fire crab (shapeshifter) (Depths:2)
  2 iron trolls
  A salamander mystic (Snake:3)
  6 shadow wraiths
  A wretched star (Abyss:1)
  2 sixfirhies
  8 skeletal warriors
  2 golden dragon zombies (Hell)
  2 spark wasp zombies
  2 unseen horrors
  5 spriggan druids (Swamp:2)
  24 deep trolls
  9 wizards
  An anaconda zombie (Hell)
  8 swamp dragons
  The ghost of YetiFiasco the Skirmisher, a novice MiBe of Trog (D:8)
  12 deep elf archers
  9 glowing orange brains
  A wolf spider zombie (D:15)
  17 orc knights
  9 flayed ghosts
  2 lindwurms (Lair:6)
  10 naga ritualists
  12 ironbrand convokers
  Pikel (D:8)
  9 phantasmal warriors
  12 necromancers
  A harpy (shapeshifter) (Elf:3)
  An anaconda skeleton (Hell)
  3 shambling mangroves
  58 deep elf magi
  14 mana vipers
  4 wolf spiders
  An iron dragon zombie (D:15)
  A glowing shapeshifter (Vaults:5)
  3 shining eyes
  12 harpies (Vaults:1)
  7 salamanders
  A manticore (shapeshifter) (Depths:4)
  6 orc sorcerers
  A shining eye (shapeshifter) (D:15)
  6 cyclopes
  4 manticores
  A fire giant zombie (Hell)
  44 ugly things
  16 moths of wrath
  2 oklob plants (Lair:5)
  Maurice (D:11)
  A guardian serpent (shapeshifter) (Vaults:2)
  45 black mambas
  A frost giant skeleton (Crypt:1)
  13 guardian serpents
  5 toenail golems (Volcano)
  5 apocalypse crabs (Swamp:2)
  2 eyes of devastation (Slime:5)
  3 gargoyles
  5 elephants (Lair:4)
  18 naga magi
  3 smoke demons (Abyss:1)
  7 rust devils
  3 orange demons
  10 vault sentinels
  2 molten gargoyles
  14 spiny frogs
  7 torpor snails
  A yaktaur (shapeshifter) (Depths:4)
  A hellion (Depths:3)
  A spiny frog (shapeshifter) (Vaults:2)
  A pale draconian zombie (Crypt:3)
  3 rime drakes
  16 freezing wraiths
  5 spectral swamp worms (Depths:4)
  3 spriggan zombies
  A rime drake (shapeshifter) (Vaults:1)
  3 komodo dragons (shapeshifter)
  2 iron troll zombies
  52 yaktaurs
  A redback zombie (Crypt:3)
  A demonic crawler (Hell)
  A tengu conjurer (D:14)
  2 ice devils
  An entropy weaver simulacrum (Vaults:2)
  A silent spectre (Abyss:1)
  4 komodo dragons
  A red devil (Hell)
  6 tyrant leeches
  A queen bee (D:10)
  A troll (shapeshifter) (D:15)
  13 polar bears
  Grinder (D:3)
  32 guardian mummies
  2 sea snake skeletons
  25 hornets
  12 trolls
  A wind drake (shapeshifter) (Vaults:5)
  A harpy skeleton (D:15)
  10 blink frogs
  2 slime creatures (shapeshifter)
  135 slime creatures
  10 bog bodies
  An ice dragon zombie (Hell)
  3 dream sheep
  5 raiju
  An ettin zombie (Hell)
  4 hippogriffs
  A meliai zombie (D:15)
  9 flying skulls
  2 alligator skeletons
  A spriggan (shapeshifter) (Vaults:1)
  A tarantella (shapeshifter) (Depths:4)
  2 air elementals (Elf:1)
  A ynoxinul (Abyss:1)
  2 ettin skeletons
  3 shadows
  2 centaur simulacra (D:15)
  10 spriggans
  4 water elementals
  3 wyverns
  41 yaks
  Eustachio (D:5)
  A vampire (D:14)
  10 fire elementals
  10 ushabtiu (Crypt:3)
  13 wraiths
  4 hogs (D:13)
  3 humans (shapeshifter)
  6 large abominations (Abyss:1)
  3 hungry ghosts
  5 golden eyes (Slime:3)
  14 vampire mosquitoes
  3 fire bats (Swamp:4)
  A neqoxec (Abyss:1)
  2 chaos spawn (Abyss:1)
  2 steam dragons (Swamp:4)
  A yaktaur simulacrum (Vaults:1)
  5 basilisks
  9 wargs
  3 deep troll zombies
  5 insubstantial wisps (Swamp:4)
  51 nagas
  A soldier ant (shapeshifter) (Depths:3)
  Edmund (D:5)
  4 spiny frog zombies (Hell)
  24 swamp worms
  21 soldier ants
  A water moccasin (shapeshifter) (Vaults:4)
  A hydra simulacrum (Hell)
  2 acid dragons
  17 hell hounds
  A monstrous demonspawn skeleton (Crypt:1)
  4 small abominations (Abyss:1)
  21 water moccasins
  44 orc warriors
  10 porcupines
  13 sky beasts
  3 slaves (D:8)
  A gelid demonspawn skeleton (Crypt:1)
  A merfolk skeleton (Crypt:1)
  7 swamp drakes
  5 ice beasts
  11 black bears (Lair:6)
  An ettin simulacrum (Vaults:2)
  A black bear (shapeshifter) (Vaults:2)
  10 eyes of draining
  A snapping turtle zombie (Crypt:1)
  13 wolves (Lair:6)
  12 boggarts
  4 necrophages
  A blink frog skeleton (Crypt:3)
  31 ogres
  15 centaurs
  2 swamp dragon skeletons
  A wolf (shapeshifter) (Depths:3)
  11 crocodiles
  6 big kobolds
  A rime drake skeleton (Crypt:3)
  2 yaktaur zombies
  A gnoll sergeant (D:11)
  9 bullfrogs
  An elf skeleton (Crypt:2)
  3 earth elementals
  A water moccasin skeleton (Crypt:3)
  A tengu zombie (D:15)
  27 killer bees
  4 wights (Crypt:2)
  3 howler monkeys
  4 electric eels (Lair:1)
  7 crimson imps
  A wolf zombie (Crypt:1)
  A bullfrog zombie (D:12)
  4 starcursed masses (Abyss:1)
  2 quasits
  4 centaur zombies
  15 orc priests
  26 orc wizards
  4 bullfrog skeletons
  A gnoll shaman (D:8)
  4 hounds
  8 centaur skeletons
  6 jellies
  2 iron imps (Hell)
  Terence (D:3)
  2 iguanas
  22 worker ants
  A killer bee zombie (Crypt:1)
  A deep dwarf zombie (Crypt:1)
  A naga zombie (Crypt:2)
  An ogre zombie (Crypt:1)
  An acid dragon zombie (Crypt:2)
  A felid skeleton (Crypt:1)
  A hound skeleton (D:7)
  3 mummies (Crypt:3)
  A howler monkey zombie (Crypt:3)
  16 adders
  7 gnolls
  3 shadow imps
  14 white imps
  An ufetubus (Depths:2)
  An ooze (D:5)
  2 adder zombies
  10 worms
  A barachi skeleton (Crypt:3)
  2 dart slugs
  10 leopard geckos
  92 orcs
  4 bats
  3 giant cockroaches
  4 goblins
  5 hobgoblins
  10 jackals
  7 quokkas
  6 frilled lizards
  A frilled lizard skeleton (Crypt:3)
  A giant cockroach zombie (Crypt:3)
  17 kobolds
  A leopard gecko skeleton (D:7)
  A quokka skeleton (Crypt:2)
  3 rats
  4 crawling corpses
  11 fungi
  5 plants
  3 starspawn tentacles (Abyss:1)
  A withered plant (D:15)
2693 creatures vanquished.

Vanquished Creatures (collateral kills)
  Mennas (Vaults:4)
  A greater mummy (Crypt:3)
  2 acid blobs (Slime:5)
  Agnes (Snake:3)
  A nagaraja (Snake:3)
  A frost giant (Depths:3)
  An orc warlord (Orc:2)
  2 stone giants (Vaults:4)
  3 ettins
  2 deep elf death magi
  2 jiangshi (Crypt:1)
  A yaktaur captain (Depths:1)
  2 death oozes (Slime:5)
  A vault guard (Vaults:1)
  2 ice dragons
  A naga warrior (Snake:4)
  2 hydras (Lair:6)
  A naga sharpshooter (Snake:4)
  A deep elf knight (Vaults:2)
  A salamander mystic (Snake:3)
  A flayed ghost (Vaults:1)
  2 naga ritualists
  4 salamanders (Snake:3)
  An ugly thing (D:15)
  3 guardian serpents
  2 black mambas (Snake:3)
  An elephant (Lair:4)
  An eye of devastation (Slime:5)
  A naga mage (Snake:3)
  2 vault sentinels (Vaults:1)
  2 blink frogs (Lair:6)
  A wraith (Crypt:3)
  3 nagas
  A water moccasin (Lair:4)
  3 orc warriors (Orc:2)
  An ogre (Orc:2)
  A crocodile (Lair:6)
  A bullfrog (Lair:4)
60 creatures vanquished.

Vanquished Creatures (others)
  Bai Suzhen (Depths:3)
  2 deep elf master archers (Elf:3)
  A vault warden (Vaults:4)
  A draconian knight (Zot:2)
  A fire giant (Depths:5)
  4 stone giants
  5 yaktaur captains
  A rakshasa (Depths:3)
  An ogre mage (Vaults:1)
  A dancing weapon (Elf:3)
  4 naga sharpshooters
  A swamp dragon (Swamp:4)
  A naga ritualist (Snake:3)
  A lindwurm (Swamp:4)
  6 deep elf archers
  A salamander (Snake:3)
  A cyclops (Vaults:2)
  A naga mage (Snake:3)
  25 yaktaurs
  A tengu conjurer (D:13)
  A guardian mummy (Crypt:3)
  A slime creature (Swamp:1)
  3 steam dragons (Swamp:4)
  A spatial vortex (Depths:5)
  4 swamp drakes
  A centaur (Vaults:4)
  2 boggarts
  A crimson imp (Hell)
  An orc wizard (D:6)
  27 fungi
  52 plants
  7 starspawn tentacles (Abyss:1)
  9 withered plants (D:15)
170 creatures vanquished.

Grand Total: 2923 creatures vanquished

Notes
Turn   | Place    | Note
-------+----------+-------------------------------------------
     0 | D:1      | YetiFiasco the Minotaur Berserker began the quest for the Orb.
     0 | D:1      | Reached XP level 1. HP: 19/19 MP: 0/0
    22 | D:1      | Reached XP level 2. HP: 7/27 MP: 1/1
   792 | D:2      | Found a sparkling altar of Nemelex Xobeh.
   881 | D:2      | Reached XP level 3. HP: 32/33 MP: 2/2
  1014 | D:2      | Found a hide-covered altar of Uskayaw.
  1326 | D:3      | Reached ** piety under Trog
  1409 | D:3      | Reached XP level 4. HP: 37/41 MP: 3/3
  1515 | D:3      | Found a faded altar of an unknown god.
  1590 | D:3      | Found a white marble altar of Elyvilon.
  1657 | D:3      | Noticed Terence
  1672 | D:3      | Killed Terence
  1672 | D:3      | Reached skill level 1 in Shields
  1710 | D:3      | Noticed Grinder
  1739 | D:3      | Killed Grinder
  1739 | D:3      | Reached skill level 5 in Fighting
  1739 | D:3      | Reached skill level 5 in Axes
  1739 | D:3      | Reached XP level 5. HP: 7/48 MP: 4/4
  1739 | D:3      | Reached XP level 6. HP: 8/56 MP: 5/5
  2356 | D:4      | Found a staircase to the Ecumenical Temple.
  2524 | D:4      | Reached *** piety under Trog
  2583 | D:4      | Reached XP level 7. HP: 62/62 MP: 6/6
  2653 | D:4      | Reached skill level 5 in Armour
  2827 | D:5      | Entered Level 5 of the Dungeon
  3373 | D:5      | Reached XP level 8. HP: 71/71 MP: 7/7
  3427 | D:5      | Reached skill level 5 in Shields
  3473 | D:5      | Noticed Eustachio
  3491 | D:5      | Killed Eustachio
  3557 | D:5      | Noticed Edmund
  3582 | D:5      | Killed Edmund
  3802 | D:6      | Found a bloodstained altar of Trog.
  3802 | D:6      | Found a glowing golden altar of the Shining One.
  4047 | D:6      | Reached XP level 9. HP: 64/81 MP: 8/8
  4065 | D:6      | Got a faintly glowing hand axe
  4067 | D:6      | Identified the +3 hand axe "Wataa" {elec, rN+ Str+6 Stlth+} (You found it on level 6 of the Dungeon)
  4236 | D:6      | Reached **** piety under Trog
  5776 | D:8      | Noticed YetiFiasco's ghost (novice MiBe)
  5794 | D:8      | Killed YetiFiasco's ghost
  5794 | D:8      | Reached XP level 10. HP: 55/91 MP: 9/9
  5892 | D:8      | Reached ***** piety under Trog
  6195 | D:8      | Noticed Pikel
  6209 | D:8      | Killed Pikel
  6342 | D:9      | Found Hihisaokli's Weapon Boutique.
  6528 | D:9      | Reached skill level 10 in Axes
  6728 | D:9      | Identified the Papyrus of Calling and Stones
  6740 | D:9      | Reached skill level 10 in Fighting
  7035 | D:9      | Reached skill level 10 in Armour
  7415 | D:10     | Entered Level 10 of the Dungeon
  7454 | D:10     | Noticed a gargoyle
  7469 | D:10     | Killed a gargoyle
  7643 | D:10     | Reached XP level 11. HP: 73/101 MP: 10/10
  7738 | D:10     | Reached skill level 10 in Shields
  8006 | D:10     | Noticed an unseen horror
  8018 | D:10     | Killed an unseen horror
  8224 | D:10     | Found a portal to a secret trove of treasure.
  8565 | D:11     | Found a staircase to the Orcish Mines.
  8833 | D:11     | Noticed a two-headed ogre
  8836 | D:11     | Killed a two-headed ogre
  8913 | D:11     | Noticed Snorg
  8923 | D:11     | Killed Snorg
  8929 | D:11     | Reached ****** piety under Trog
  8969 | D:11     | Found a staircase to the Lair.
  8969 | D:11     | Noticed a brown ugly thing
  8982 | D:11     | Killed a brown ugly thing
  9238 | D:11     | Noticed Maurice
  9250 | D:11     | Killed Maurice
  9250 | D:11     | Received a gift from Trog
  9250 | D:11     | Reached XP level 12. HP: 78/112 MP: 11/11
  9253 | D:11     | Got a pitted battleaxe {god gift}
  9259 | D:11     | Identified the +2 battleaxe of the Doomed Warrior {protect, rC+ Dex+3 SInv} (Trog gifted it to you on level 11 of the Dungeon)
 10046 | D:12     | Noticed a two-headed ogre
 10052 | D:12     | Killed a two-headed ogre
 10391 | D:12     | Noticed Erolcha
 10402 | D:12     | Killed Erolcha
 10909 | D:13     | Noticed a six-headed hydra
 10916 | D:13     | Killed a ten-headed hydra
 10916 | D:13     | Reached XP level 13. HP: 91/122 MP: 12/12
 11055 | D:13     | Received a gift from Trog
 11256 | D:13     | Noticed Kirke
 11276 | D:13     | Killed Kirke
 11546 | D:14     | Noticed VanClaymore's ghost (journeyman GrMo)
 11600 | D:14     | Killed VanClaymore's ghost
 11776 | D:14     | Found a glowing golden altar of the Shining One.
 12491 | D:14     | Found a gate to the Vaults.
 12652 | D:15     | Entered Level 15 of the Dungeon
 12734 | D:15     | Received a gift from Trog
 12755 | D:15     | Found a shattered altar of Ashenzari.
 13000 | D:15     | Noticed Josephine
 13012 | D:15     | Killed Josephine
 13019 | D:15     | Reached XP level 14. HP: 123/133 MP: 13/13
 13278 | D:15     | Found a staircase to the Depths.
 13897 | D:15     | Reached skill level 15 in Fighting
 13897 | D:15     | Reached skill level 15 in Axes
 14166 | Orc:1    | Entered Level 1 of the Orcish Mines
 14529 | Orc:2    | Entered Level 2 of the Orcish Mines
 14675 | Orc:2    | Found Sekadeg's General Store.
 14687 | Orc:2    | Reached skill level 15 in Armour
 14731 | Orc:2    | Noticed an orc warlord
 14744 | Orc:2    | Killed an orc warlord
 14805 | Orc:2    | Found Kab Ecza's Book Shoppe.
 14936 | Orc:2    | Found Tuxoal's Antique Weapon Boutique.
 14978 | Orc:2    | Found Ziodiminn's Antique Armour Shoppe.
 15026 | Orc:2    | Received a gift from Trog
 15034 | Orc:2    | Got an ancient bardiche {god gift}
 15040 | Orc:2    | Identified the +7 bardiche of Spite {chop, rC+ rN+ MR+} (Trog gifted it to you on level 2 of the Orcish Mines)
 15425 | Orc:2    | Found a staircase to the Elven Halls.
 15485 | Orc:2    | Bought a crude plate armour for 644 gold pieces
 15495 | Orc:2    | Identified the +5 plate armour of Free Expression {MR+} (You bought it in a shop on level 2 of the Orcish Mines)
 15669 | Orc:2    | Bought a twisted shield for 218 gold pieces
 15679 | Orc:2    | Identified the +1 shield of Teextoy {rN++ Str+3 Dex-3} (You bought it in a shop on level 2 of the Orcish Mines)
 16173 | Lair:1   | Entered Level 1 of the Lair of Beasts
 16491 | Lair:1   | Reached skill level 15 in Shields
 16894 | Lair:1   | Found a dark tunnel.
 16903 | Volcano  | Entered a volcano
 17857 | Lair:2   | Received a gift from Trog
 17863 | Lair:2   | Got a shimmering hand axe {god gift}
 17864 | Lair:2   | Identified the +7 hand axe "Aruum" {holy, rC+} (Trog gifted it to you on level 2 of the Lair of Beasts)
 17954 | Lair:2   | Reached XP level 15. HP: 143/143 MP: 14/14
 18475 | Lair:3   | Found a staircase to the Snake Pit.
 19299 | Lair:3   | Found a staircase to the Swamp.
 20329 | Lair:5   | Received a gift from Trog
 20363 | Lair:5   | Found a runed door.
 21231 | Lair:5   | Identified a scroll of acquirement
 21235 | Lair:5   | Got a coiled iron amulet
 21237 | Lair:5   | Identified the amulet of Qazlal's Regard {Reflect SH+4 Stlth+} (You acquired it on level 5 of the Lair of Beasts)
 21597 | Lair:6   | Entered Level 6 of the Lair of Beasts
 22598 | Lair:6   | Received a gift from Trog
 22795 | Lair:6   | Found a viscous altar of Jiyva.
 22796 | Lair:6   | Found a staircase to the Slime Pits.
 23092 | Lair:6   | Received a gift from Trog
 23365 | Lair:6   | Found a runed door.
 24178 | Lair:6   | Reached XP level 16. HP: 139/154 MP: 15/15
 24773 | Snake:1  | Entered Level 1 of the Snake Pit
 25507 | Snake:1  | Reached skill level 1 in Evocations
 25803 | Snake:1  | Received a gift from Trog
 25812 | Snake:1  | Got a scorched long sword
 25813 | Snake:1  | Identified the +7 long sword "Woannu" {protect, +Rage rElec Int-3 Dex+6} (You found it on level 1 of the Snake Pit)
 26318 | Snake:2  | Found Romu Qej's Jewellery Emporium.
 26318 | Snake:2  | Found Daex's Food Shoppe.
 26321 | Snake:2  | Found Xuagh's Gadget Emporium.
 28098 | Snake:3  | Noticed Aizul
 28118 | Snake:3  | Killed Aizul
 28135 | Snake:3  | Noticed Agnes
 28144 | Snake:3  | Killed Agnes
 28624 | Snake:3  | Received a gift from Trog
 29191 | Snake:3  | Reached XP level 17. HP: 121/163 MP: 19/19
 29454 | Snake:3  | Reached skill level 5 in Evocations
 29597 | Snake:3  | Received a gift from Trog
 29906 | Snake:4  | Entered Level 4 of the Snake Pit
 32831 | Snake:4  | Received a gift from Trog
 33549 | Snake:4  | Got a serpentine rune of Zot
 33833 | Snake:2  | Bought a phantom mirror for 420 gold pieces
 34530 | Depths:1 | Entered Level 1 of the Depths
 34568 | D:15     | Reached XP level 18. HP: 20/174 MP: 22/22
 35492 | D:15     | Gained mutation: Your flesh is cold resistant. (rC+) [potion of mutation]
 35492 | D:15     | Gained mutation: Your spells are a little harder to cast, but a little more powerful. [potion of mutation]
 35493 | D:15     | Lost mutation: Your spells are a little harder to cast, but a little more powerful. [potion of mutation]
 35493 | D:15     | Lost mutation: Your flesh is cold resistant. (rC+) [potion of mutation]
 35493 | D:15     | Gained mutation: You are robust. (+10% HP) [potion of mutation]
 35493 | D:15     | Gained mutation: Your mind is acute. (Int +2) [potion of mutation]
 35622 | Depths:1 | Noticed a lich
 35797 | D:15     | Received a gift from Trog
 36556 | Depths:1 | Paralysed by a lich for 4 turns
 36632 | Vaults:1 | Entered Level 1 of the Vaults
 37810 | Vaults:1 | Received a gift from Trog
 37971 | Vaults:1 | Got a clouded copper ring
 37973 | Vaults:1 | Identified the ring "Xuorch" {rCorr rN+ SInv} (You acquired it on level 1 of the Vaults)
 38199 | Vaults:1 | Reached skill level 5 in Dodging
 38831 | Vaults:1 | Got a steaming shield
 38833 | Vaults:1 | Identified the +2 shield of Subjectivity {MP+9 Str+4} (You acquired it on level 1 of the Vaults)
 39557 | Vaults:2 | Reached XP level 19. HP: 177/202 MP: 24/24
 40014 | Vaults:1 | Received a gift from Trog
 40135 | Vaults:2 | Found an ancient bone altar of Kikubaaqudgha.
 40151 | Vaults:2 | Found a staircase to the Crypt.
 40152 | Vaults:2 | Found a basalt altar of Yredelemnul.
 40459 | Vaults:2 | Noticed Boris
 40477 | Vaults:2 | Killed Boris
 42339 | Vaults:3 | Reached skill level 10 in Dodging
 42741 | Vaults:3 | Noticed Asterion
 42775 | Vaults:3 | Killed Asterion
 43453 | Vaults:3 | Found a hide-covered altar of Uskayaw.
 44666 | Vaults:4 | Reached XP level 20. HP: 180/214 MP: 25/25
 44818 | Vaults:4 | Found Ovvy's Antique Weapon Shop.
 45089 | Vaults:4 | Received a gift from Trog
 46882 | Vaults:5 | Entered Level 5 of the Vaults
 47428 | Vaults:4 | Received a gift from Trog
 47489 | Vaults:4 | Got a brightly glowing flail {god gift}
 47491 | Vaults:4 | Identified the +6 flail "Bis Fytt" {crush, *Contam +Inv rF- Int+8} (Trog gifted it to you on level 4 of the Vaults)
 47502 | Vaults:4 | Lost mutation: Your mind is acute. (Int +2) [mutagenic glow]
 47717 | Vaults:5 | Noticed Mara
 47755 | Vaults:5 | Noticed YetiFiasco's illusion
 48759 | Orc:2    | Bought a potion of curing for 33 gold pieces
 48759 | Orc:2    | Bought a potion of heal wounds for 55 gold pieces
 48759 | Orc:2    | Bought a potion of agility for 44 gold pieces
 48759 | Orc:2    | Bought a scroll of blinking for 82 gold pieces
 48883 | Elf:1    | Entered Level 1 of the Elven Halls
 49093 | Elf:1    | Found Wavvos's Food Shoppe.
 49231 | Elf:1    | Bought a ration for 65 gold pieces
 49231 | Elf:1    | Bought a ration for 65 gold pieces
 49231 | Elf:1    | Bought a ration for 65 gold pieces
 49231 | Elf:1    | Bought a ration for 65 gold pieces
 49623 | Elf:1    | Found a runed door.
 50533 | Elf:2    | Found a runed gate.
 50533 | Elf:2    | Found a runed gate.
 50533 | Elf:2    | Found a runed gate.
 50567 | Elf:2    | Reached XP level 21. HP: 224/224 MP: 26/26
 50679 | Elf:2    | Received a gift from Trog
 52109 | Elf:3    | Entered Level 3 of the Elven Halls
 52262 | Elf:3    | Received a gift from Trog
 54395 | Elf:3    | Got a brightly glowing lead ring
 54397 | Elf:3    | Got a scorched hand axe {vamp}
 54452 | Elf:2    | Identified the +10 hand axe of Onlofeas {vamp, rPois} (You took it off a deep elf annihilator on level 3 of the Elven Halls)
 54474 | Elf:2    | Identified the ring of Beauty {Ice MR+ Str+2 Dex+3} (You took it off a deep elf demonologist on level 3 of the Elven Halls)
 54778 | Elf:3    | Got a slimy glass ring
 54881 | Elf:3    | Found the +6 shillelagh "Devastator" {shatter}
 54889 | Elf:3    | Got a scorched bone ring
 54895 | Elf:3    | Identified the cursed ring of Gin and Tonic {rF++ rC- AC-2 Str+4} (You found it on level 3 of the Elven Halls)
 54896 | Elf:3    | Identified the ring of Xeebir {rElec Str+3 Int+6 SInv} (You found it on level 3 of the Elven Halls)
 55713 | Lair:1   | Got a polished glaive
 55880 | Swamp:1  | Entered Level 1 of the Swamp
 56002 | Swamp:1  | Got an ichor-stained chain mail
 56035 | Swamp:1  | Identified the +0 chain mail of Dyspraxia {rC+ Regen+ Str+3 Int-5} (You found it on level 1 of the Swamp)
 56035 | Swamp:1  | Lost intelligence.
 56862 | Swamp:2  | Found a runed door.
 57329 | Swamp:2  | Received a gift from Trog
 57573 | Swamp:2  | Cast into level 1 of the Abyss (an apocalypse crab)
 57778 | Abyss:1  | Reached skill level 15 in Dodging
 57893 | Abyss:1  | Lost mutation: You are robust. (+10% HP) [a cacodemon]
 57894 | Abyss:1  | Reached XP level 22. HP: 172/172 MP: 27/27
 57951 | Swamp:2  | Escaped the Abyss
 58810 | Swamp:4  | Entered Level 4 of the Swamp
 59162 | Swamp:4  | Got a decaying rune of Zot
 60363 | Crypt:1  | Entered Level 1 of the Crypt
 60793 | Crypt:1  | Received a gift from Trog
 61737 | Crypt:2  | Noticed Sojobo
 62036 | Crypt:1  | Killed Sojobo
 63404 | Crypt:3  | Entered Level 3 of the Crypt
 64237 | Crypt:2  | Received a gift from Trog
 64539 | Crypt:3  | Found a staircase to the Tomb.
 65147 | Crypt:3  | Reached skill level 1 in Maces & Flails
 65159 | Crypt:3  | Got a scorched steel amulet
 65172 | Crypt:3  | Identified the amulet "Zoh Dih Byit" {Regen+ Stlth+} (You took it off an ancient champion on level 3 of the Crypt)
 66253 | Crypt:3  | Reached XP level 23. HP: 212/225 MP: 29/29
 66832 | Crypt:3  | Got a heavily runed bone ring
 66841 | Crypt:3  | Identified the ring "Suhofesa" {rN+ Int+4} (You took it off a mummy priest on level 3 of the Crypt)
 66905 | Crypt:3  | Reached skill level 10 in Evocations
 66921 | Crypt:3  | Noticed a greater mummy
 67014 | Crypt:3  | Killed a greater mummy
 67644 | Crypt:3  | Received a gift from Trog
 68775 | Crypt:3  | Got a warped amber ring
 68779 | Crypt:3  | Identified the ring of Dithmenos's Regard {*Corrode rPois rN+ Str-5 Int+8} (You found it on level 3 of the Crypt)
 69304 | Depths:1 | Found Amumyg's Pet Rocks.
 69845 | Depths:1 | Found a gateway to Hell.
 69936 | Depths:1 | Found a transporter.
 70004 | Depths:1 | Got a shimmering wooden ring
 70007 | Depths:1 | Identified the ring "Zinuqaf" {*Contam +Fly Int+2 Slay+3} (You found it on level 1 of the Depths)
 70060 | Depths:1 | Gained mutation: You tend to lose your temper in combat. [mutagenic glow]
 70204 | Depths:1 | Found a transporter.
 70204 | Depths:1 | Found a transporter.
 70204 | Depths:1 | Found a transporter.
 70204 | Depths:1 | Found a transporter.
 70205 | Depths:1 | Found a transporter.
 70537 | Depths:1 | Got a vibrating jade ring
 70553 | Depths:1 | Identified the ring of Asiad {rC+ Str+4} (You found it on level 1 of the Depths)
 70663 | Depths:2 | Received a gift from Trog
 71058 | Depths:2 | Reached skill level 5 in Maces & Flails
 71560 | Depths:2 | Found a gateway to a ziggurat.
 71648 | Depths:2 | Found a one-way gate leading to the halls of Pandemonium.
 71910 | Depths:3 | Noticed Bai Suzhen
 71947 | Depths:3 | Killed Bai Suzhen
 71987 | Depths:2 | Received a gift from Trog
 72178 | Depths:3 | Noticed a caustic shrike
 72290 | Depths:2 | Killed a caustic shrike
 72728 | Depths:3 | Got a fine scale mail
 72739 | Depths:3 | Identified the +4 scale mail of Wariness {rElec rF- rCorr Dex+3} (You found it on level 3 of the Depths)
 72859 | Depths:3 | Reached XP level 24. HP: 226/236 MP: 31/31
 73359 | Depths:3 | Noticed an ancient lich
 73386 | Depths:3 | Killed an ancient lich
 73439 | Depths:3 | Received a gift from Trog
 73581 | Depths:3 | Noticed Margery
 73611 | Depths:3 | Killed Margery
 74508 | Depths:3 | Noticed Xtahua
 74533 | Depths:3 | Killed Xtahua
 74554 | Depths:3 | Noticed an ancient lich
 74921 | Depths:3 | Got a pair of faintly humming boots
 74932 | Depths:3 | Identified the +1 pair of boots "Jupido" {Dex+6} (You acquired it on level 3 of the Depths)
 74994 | Depths:3 | Killed an ancient lich
 75566 | Depths:3 | Received a gift from Trog
 75662 | Depths:3 | Got a twisted large shield
 75700 | Depths:3 | Identified the +0 large shield of Nemelex Xobeh's Pride {rF+ MR- Int+5} (You acquired it on level 3 of the Depths)
 75744 | Depths:3 | Got a scintillating bone ring
 75753 | Depths:3 | Identified the ring of Behuuricw {Ice Int+2} (You took it off a rakshasa on level 3 of the Depths)
 76918 | Depths:4 | Received a gift from Trog
 77278 | Depths:4 | Found a one-way gate to the infinite horrors of the Abyss.
 77387 | Depths:4 | Reached skill level 10 in Maces & Flails
 77387 | Depths:4 | Reached XP level 25. HP: 149/245 MP: 31/31
 77653 | Depths:4 | Got a faintly glowing spear
 77701 | Depths:4 | Identified the +10 spear of Maprur {flame, MR+ Int+3} (You found it on level 4 of the Depths)
 77723 | Depths:4 | Noticed a juggernaut
 77737 | Depths:4 | Killed a juggernaut
 77847 | Depths:5 | Entered Level 5 of the Depths
 77949 | Depths:5 | Found a gate to the Realm of Zot.
 78458 | Depths:5 | Got an ebony trident
 78460 | Depths:5 | Identified the +8 trident of Sloth {pierce, Int+5} (You found it on level 5 of the Depths)
 78754 | Depths:5 | Got a wavering granite ring
 78758 | Depths:5 | Identified the ring of Mistrust {rF+ MR+ Int-3 SInv Stlth-} (You found it on level 5 of the Depths)
 78992 | Depths:5 | Received a gift from Trog
 79002 | Depths:5 | Noticed a juggernaut
 79016 | Depths:5 | Killed a juggernaut
 79379 | Depths:5 | Got a smoking great sword {drain}
 79924 | Depths:5 | Found a corrupted altar of Lugonu.
 80657 | Vaults:5 | Noticed Jory
 80705 | Vaults:5 | Killed Jory
 80818 | Vaults:5 | Noticed Mennas
 81206 | Vaults:4 | Killed Mennas
 81218 | Vaults:5 | Noticed YetiFiasco's illusion
 81313 | Vaults:4 | Killed Mara
 81313 | Vaults:4 | Reached XP level 26. HP: 251/257 MP: 31/31
 81464 | Vaults:5 | Got a silver rune of Zot
 81789 | Vaults:5 | Noticed an ancient lich
 81800 | Vaults:5 | Killed an ancient lich
 81811 | Vaults:5 | Found Bewekk's Antique Armour Boutique.
 83502 | Hell     | Entered the Vestibule of Hell
 83502 | Hell     | Noticed Geryon
 83731 | Zot:1    | Entered Level 1 of the Realm of Zot
 83768 | Zot:1    | Got a bound silver ring
 83777 | Zot:1    | Identified the ring of Xoseofaf {rPois rF- rN+ MP+9 SInv} (You found it on level 1 of the Realm of Zot)
 84614 | Zot:1    | Received a gift from Trog
 86783 | Zot:2    | Reached XP level 27. HP: 267/267 MP: 31/31
 86788 | Zot:2    | Received a gift from Trog
 89663 | Zot:3    | Received a gift from Trog
 89857 | Zot:3    | Got a jewelled hat
 89858 | Zot:3    | Identified the +1 hat of Luucrep {*Drain Int+6} (You acquired it on level 3 of the Realm of Zot)
 90183 | Zot:3    | Lost mutation: You tend to lose your temper in combat. [potion of mutation]
 90183 | Zot:3    | Gained mutation: You expend magic power (3 MP) to strengthen your wands. [potion of mutation]
 90183 | Zot:3    | Gained mutation: You are partially covered in yellow scales. (AC +2) [potion of mutation]
 91968 | Hell     | Received a gift from Trog
 92425 | Hell     | Killed Geryon
 93027 | Hell     | Reached skill level 27 in Shields
 93748 | Hell     | Found a gateway to the ashen valley of Gehenna.
 93853 | Hell     | Received a gift from Trog
 93872 | Hell     | Found a gateway to the Iron City of Dis.
 93940 | Hell     | Found a gateway to the freezing wastes of Cocytus.
 94030 | Hell     | Found a gateway to the decaying netherworld of Tartarus.
 94759 | Orc:2    | Bought the +8 plate armour of Yciet {rC- rCorr Int+4} for 847 gold pieces
 95852 | Slime:1  | Entered Level 1 of the Pits of Slime
 95902 | Slime:1  | Gained mutation: You have sharp fingernails. [a shining eye]
 96867 | Slime:3  | Reached skill level 27 in Fighting
 96887 | Slime:3  | Reached skill level 27 in Armour
 97391 | Slime:3  | Received a gift from Trog
 97926 | Slime:4  | Gained mutation: You are clumsy. (Dex -2) [a shining eye]
 98073 | Slime:5  | Entered Level 5 of the Pits of Slime
 98183 | Slime:5  | Noticed the Royal Jelly
 98656 | Slime:4  | HP: 9/273 [acid[the Royal Jelly] (5)]
 98657 | Slime:4  | HP: 1/273 [acid[the Royal Jelly] (9)]
 98659 | Slime:4  | Splashed by an acid blob's acid

Skill      XL: |  1  2  3  4  5  6  7  8  9 10 11 12 13 14 15 16 17 18 19 20 21 22 23 24 25 26 27 |
---------------+----------------------------------------------------------------------------------+-----
Fighting       | 4 5 6 7 9 10 12 13 14 15 16 17 18 19 20 21 22 23 24 25 27 | 27.0
Axes           | 4 5 6 8 9 10 12 13 14 15 16 17 | 17.1
Armour         | 3 4 6 7 9 10 11 13 14 15 16 17 18 19 20 21 22 23 24 25 27 | 27.0
Shields        | 2 3 4 6 8 9 11 12 14 15 16 17 18 19 20 21 22 23 24 25 27 | 27.0
Evocations     | 4 7 8 9 12 13 | 13.2
Dodging        | 6 11 13 15 16 18 20 22 | 22.3
Maces & Flails | 1 7 10 11 | 11.0

Action                   |  1- 3 |  4- 6 |  7- 9 | 10-12 | 13-15 | 16-18 | 19-21 | 22-24 | 25-27 || total
-------------------------+-------+-------+-------+-------+-------+-------+-------+-------+-------++-------
Melee: Hand axe          |    63 |   114 |   324 |   613 |  1848 |  1945 |  2467 |   904 |       ||  8278
       Headbutt          |    10 |    16 |    81 |   157 |   494 |   553 |   712 |   902 |  1239 ||  4164
       War axe           |       |       |    42 |       |       |       |       |       |       ||    42
       Demon whip        |       |       |       |       |       |       |       |  1812 |  2873 ||  4685
Invok: Berserk           |       |     1 |       |       |     5 |     6 |     4 |     3 |       ||    19
       Burn Spellbooks   |       |       |     2 |     6 |     7 |     2 |     6 |     5 |     7 ||    35
       Trog's Hand       |       |       |       |     1 |     3 |     3 |    20 |    10 |    13 ||    50
       Brothers in Arms  |       |       |       |       |     6 |    13 |     9 |     6 |     4 ||    38
Evoke: Wand              |       |       |       |       |     2 |     7 |     2 |     4 |     3 ||    18
       Phantom mirror    |       |       |       |       |       |       |       |       |     1 ||     1
  Use: Scroll            |       |       |     4 |     8 |    19 |    14 |     8 |    21 |    13 ||    87
       Potion            |       |       |       |     2 |     7 |     7 |    10 |    16 |    14 ||    56
 Stab: Invisible         |       |       |       |       |     4 |       |       |     7 |       ||    11
       Distracted        |       |       |       |       |       |     2 |     1 |     1 |     1 ||     5
       Confused          |       |       |       |       |       |       |       |       |     2 ||     2
       Held in net/web   |       |       |       |       |       |       |       |       |     2 ||     2
  Eat: Chunk             |     1 |     5 |     8 |    17 |    12 |     6 |    14 |    20 |     5 ||    88
       Ration            |       |       |     1 |       |    13 |    16 |    20 |    20 |    21 ||    91
Armor: Animal skin       |     6 |       |       |       |       |       |       |       |       ||     6
       Scale mail        |    29 |    26 |    58 |       |       |       |       |       |       ||   113
       Chain mail        |       |       |    43 |   167 |   130 |       |       |       |       ||   340
       Plate armour      |       |       |       |       |   341 |   473 |   432 |   751 |   448 ||  2445
Dodge: Dodged            |    56 |    22 |    38 |   107 |   178 |   230 |   373 |   719 |   875 ||  2598
Block: Large shield      |    15 |    86 |   293 |   619 |  1797 |  2618 |  2618 |  3177 |  3310 || 14533
       Reflection        |       |       |       |       |     9 |   285 |   161 |    74 |    98 ||   627
